 Dungeon Crawl Stone Soup version 0.28.0-45-g0d030f2227 (webtiles) character file.

Game seed: 14819107640525720518

61 Eitelfritz the Skirmisher (level 4, 0/40 HPs)
             Began as a Hill Orc Fighter on Apr 10, 2022.
             Slain by Terence
             ... wielding a +0 mace
              (6 damage)
             ... on level 3 of the Dungeon.
             The game lasted 00:02:52 (1862 turns).

Eitelfritz the Skirmisher (Hill Orc Fighter)        Turns: 1862, Time: 00:02:52

Health: 0/40       AC:  8    Str: 20    XL:     4   Next: 7%
Magic:  4/4        EV:  9    Int:  8    God:
Gold:   64         SH:  4    Dex: 10    Spells: 3/3 levels left

rFire   . . .      SeeInvis .   a - +0 war axe
rCold   . . .      Faith    .   c - +0 buckler
rNeg    . . .      Spirit   .   b - +0 scale mail
rPois   .          Reflect  .   (no helmet)
rElec   .          Harm     .   (no cloak)
rCorr   .          Rampage  .   j - +0 pair of gloves
Will    .....                   (no boots)
Stlth   ..........              (no amulet)
HPRegen 0.13/turn               (no ring)
MPRegen 0.09/turn               (no ring)

@: no status effects
A: no striking features
a: no special abilities


You were on level 3 of the Dungeon.
You visited 1 branch of the dungeon, and saw 3 of its levels.

You collected 64 gold pieces.

Inventory:

Hand Weapons
 a - a +0 war axe (weapon)
Missiles
 f - 13 bolts
Armour
 b - a +0 scale mail (worn)
 c - a +0 buckler (worn)
 j - a +0 pair of gloves (worn)
Scrolls
 e - a scroll of enchant weapon {unknown}
 g - 2 scrolls of vulnerability {unknown}
 h - a scroll of magic mapping {unknown}
 k - 3 scrolls of identify {unknown}
 m - a scroll of teleportation {unknown}
 n - a scroll of brand weapon {unknown}
 o - a scroll of fog {unknown}
Potions
 d - a potion of might
 i - a potion of heal wounds {unknown}
 l - 2 potions of degeneration {unknown}


   Skills:
 + Level 4.1 Fighting
 + Level 4.0 Axes
 + Level 3.6 Armour
 + Level 0.4 Dodging
 + Level 3.7 Shields


You had 3 spell levels left.
You didn't know any spells.
Your spell library contained the following spells:

 Spells                   Type           Power      Damage    Failure   Level
 Apportation              Tloc           0%         N/A       85%         1
 Alistair's Intoxication  Tmut/Pois      0%         N/A       100%        5


Dungeon Overview and Level Annotations

Branches:
Dungeon (3/15)

Altars:

Annotations:
D:3 Terence


Message History

You closely miss Terence. Terence hits you but does no damage.
Terence barely misses you.
You barely miss Terence. You barely miss the kobold.
The kobold barely misses you. Terence hits you but does no damage.
You barely miss Terence. You barely miss the kobold.
The kobold hits you with a +0 dagger. Terence closely misses you.
The kobold hits you with a +0 dagger.
You barely miss Terence. You slash the kobold!
You kill the kobold!
Terence hits you with a +0 mace. Terence hits you with a +0 mace!
You barely miss Terence. Terence barely misses you.
You hit Terence.
Terence is lightly wounded.
Terence hits you with a +0 mace.
You hit Terence.
Terence is moderately wounded.
Terence hits you with a +0 mace. Terence hits you but does no damage.
You barely miss Terence.
Terence is moderately wounded.
Terence hits you but does no damage.
You barely miss Terence.
Terence is moderately wounded.
Terence hits you with a +0 mace!
You closely miss Terence.
Terence is moderately wounded.
Terence hits you with a +0 mace. Terence closely misses you.
You hit Terence but do no damage.
Terence is moderately wounded.
Terence bares his teeth.
You block Terence's attack.
You hit Terence.
Terence is heavily wounded.
Terence hits you with a +0 mace.
* * * LOW HITPOINT WARNING * * *
You closely miss Terence.
Terence is heavily wounded.
Terence hits you with a +0 mace.
* * * LOW HITPOINT WARNING * * *
Terence hits you with a +0 mace.
You die...

#.. .# #.. ##.+
#... ...# #.#.###
.#.##
#....<###.....
###.......# .
#####.....# ...
.........).#.....
.........@†......
(>........@.###..
[$......$.#.#
#............#
#..[.......$...
#.........#.....
................
.........#.....


You could see Terence.

Vanquished Creatures
  A worm (D:2)
  3 dart slugs
  4 endoplasms (D:1)
  A giant cockroach (D:1)
  6 goblins
  2 hobgoblins
  2 jackals (D:1)
  3 quokkas
  7 ball pythons
  6 bats
  4 frilled lizards
  4 kobolds
  6 rats
49 creatures vanquished.

Notes
Turn   | Place    | Note
-------+----------+-------------------------------------------
     0 | D:1      | Eitelfritz the Hill Orc Fighter began the quest for the
                  | Orb.
     0 | D:1      | Reached XP level 1. HP: 19/19 MP: 1/1
    92 | D:1      | Reached XP level 2. HP: 27/27 MP: 2/2
   310 | D:1      | Reached XP level 3. HP: 25/33 MP: 3/3
   734 | D:1      | Found a faded altar of an unknown god.
  1649 | D:2      | Reached XP level 4. HP: 36/40 MP: 4/4
  1839 | D:3      | Noticed Terence
  1862 | D:3      | Slain by Terence

Illustrated notes

Levels and vault maps discovered:
D:1:      zaba_arrival_water, layout_basic,
          dreamdust_ecumenical_altar_hidden_monk_grotto
D:2:      layout_basic, minmay_puff
D:3:      layout_rooms, minmay_misc_feat_doors, amcnicky_mini_pool_small,
          minmay_circle_x, uniq_jessica, uniq_terence

Skill      XL: |  1  2  3 |
---------------+----------+-----
Axes           | 3 4 |  4.0
Fighting       | 4 |  4.1
Armour         | |  3.6
Dodging        | |  0.4
Shields        | |  3.7

Action                   |  1- 3 |  4- 6 || total
-------------------------+-------+-------++-------
Melee: War axe           |   107 |    20 ||   127
Armor: Scale mail        |    66 |     9 ||    75
Dodge: Dodged            |    49 |     8 ||    57
Block: Buckler           |    37 |     3 ||    40
